Bacon, lawful male human Monk --- ------------ -------- |.| |....|..|..| |..|...| |.| |....|..|..+ |..-...| |.--+----+--....--|-|--------...| |...............................| |.-+--------.......----------...| |.| +......{-....|%%.|...| |.| 0 |.......|....|%!.-...| |.----------.......|.(_.|!%.|...| |.............{....|....|%%.|...| |.-------+-------.----------|...| |.|)(?[|0 |(((.|.| |(((.-...| |.|?(!m| |(((.|.| |((..|...| |.|..@@| |.((.-.| |(((.|...| |.----|----------.----+------...| |...............................| --------------------------------- Bacon the Initiate Experience level: 7 Strength: 16 Dexterity: 14 Constitution: 10 Intelligence: 12 Wisdom: 14 Charisma: 11 Health: 0(38) Energy: 55(55) AC: 4 Gold: 388 Moves: 2081 Your Inventory: Coins $ - 388 gold pieces Weapons v - 2 [uncursed +0] knives Armor a - an uncursed +2 pair of leather gloves (being worn) b - an uncursed +1 robe (being worn) r - a [cursed -2] pair of combat boots [fumble] Comestibles g - 6 uncursed food rations h - 6 uncursed apples i - 6 uncursed oranges u - an [uncursed] carrot C - an [uncursed] pancake Scrolls d - an uncursed scroll of light q - a [blessed] scroll labeled ANDOVA BEGARIN [of identify] y - 2 [uncursed] unlabeled scrolls [of blank paper] L - an [uncursed] scroll labeled VENZAR BORGAVVE [of teleportation] Spellbooks c - a blessed spellbook of sleep n - an [uncursed] spellbook of clairvoyance o - an [uncursed] spellbook of detect food K - an [uncursed] spellbook of detect food Potions e - 2 uncursed potions of healing f - a blessed potion of healing k - an [uncursed] magenta potion [of enlightenment] D - a [blessed] black potion [of polymorph] F - an [uncursed] bubbly potion [of object detection] H - 2 [uncursed] ruby potions [of sickness] Wands l - an [uncursed] wand of striking (0:0) w - an [uncursed] wand of sleep [0:6] J - an [uncursed] oak wand [of speed monster (0:3)] Tools B - an [uncursed] towel Gems p - an [uncursed] green gem [worthless glass] t - 3 [uncursed] white gems [worthless glass] G - an [uncursed] orange gem [worthless glass] I - 2 [uncursed] violet gems [worthless glass] M - an [uncursed] blue gem [worthless glass] Spells known in the end: Name Level Category Fail Memory a - sleep 1 enchantment 0% [||||||||] b - clairvoyance 3 divination 88% [||||||||] c - detect food 2 divination 37% [||||||||] Your skills at the end: Fighting Skills martial arts [Basic / Grand Master] Weapon Skills Spellcasting Skills healing spells [Basic / Expert] Final Attributes: You were devoutly aligned. Hunger level was 251. Your alignment was 19 / 20. Monster difficulty range was 1 - 7. Level difficulty was 8. You were immune to sleep. You were immune to poison. You saw invisible. You were warned. You were stealthy. You were held by a giant mimic. You were fast. Your luck was zero. You are dead. Vanquished creatures: 2 small mimics an imp a water nymph 3 rock piercers a yellow light a shrieker 2 gnome lords 2 gnomish wizards a paper golem a kitten a homunculus 2 hill orcs a centipede a giant bat 2 iguanas 4 killer bees 2 coyotes a red mold 16 gnomes a gnome zombie 3 jackals a kobold 4 goblins a sewer rat 7 grid bugs 3 lichens 3 newts 68 creatures vanquished. Voluntary challenges: You were an atheist. You were vegetarian. You never hit with a wielded weapon. You read items or engraved 5 times. You put on armor 3 times. You never genocided any monsters. You never polymorphed an object. You never changed form. You used no wishes. You never wrote Elbereth's name. You never encountered a bones level. You never used any Sokoban shortcuts. Dungeon overview: The Dungeons of Doom: levels 1 to 5 Level 1 a sink a long staircase Level 2 a general store, some fountains Level 3 a fountain Level 4 some fountains stairs to The Gnomish Mines Level 5 many fountains The Gnomish Mines: levels 5 to 8 Level 5 stairs to The Dungeons of Doom Level 8 <- You were here many shops, a temple, a magic chest, some fountains History has recorded: On T:1 you entered the Dungeons of Doom to retrieve the Amulet of Yendor! On T:404 you reached level 2 of The Dungeons of Doom. On T:407 you advanced to experience level 2. On T:800 you advanced to experience level 3. On T:855 you reached level 3 of The Dungeons of Doom. On T:994 you advanced to experience level 4. On T:1095 you reached level 4 of The Dungeons of Doom. On T:1216 you advanced to experience level 5. On T:1307 you reached level 5 of The Dungeons of Doom. On T:1378 you advanced to experience level 6. On T:1639 you reached level 1 of The Gnomish Mines. On T:1698 you advanced to experience level 7. On T:1921 you reached level 4 of The Gnomish Mines. Latest messages: [HP+1=33] This door is locked. The door opens. [HP+1=34] [HP+1=35] This door is locked. [HP+1=36] This door is locked. [HP+1=37] You stop for the watch captain. [HP+1=38] The door opens. "Namaste, Bacon! Welcome to Akureyri's general store!" Wait! That's a giant mimic! The giant mimic hits! (2x) [HP-19=19] You hit the giant mimic! (3x) [HP+1=20] You cannot escape from the giant mimic! You hit the giant mimic! (2x) The giant mimic hits! (2x) You die... Akureyri gratefully inherits all your possessions. Final status: Punardarsanaya Bacon the Monk... You died in The Gnomish Mines on dungeon level 8 with 3566 points, and 388 pieces of gold, after 2081 moves. You were level 7 with a maximum of 38 hit points when you died.